 Dungeon Crawl Stone Soup version 0.32-a0-540-g866d13106e (webtiles) character file.

Game seed: 15999767646384153722

23 lunkers the Chopper (level 3, 0/27 HPs)
             Began as a Coglin Warper on Feb 28, 2024.
             Slain by Terence
             ... wielding a +0 short sword
              (2 damage)
             ... on level 2 of the Dungeon.
             The game lasted 00:02:10 (758 turns).

lunkers the Chopper (Coglin Warper)                  Turns: 758, Time: 00:02:11

Health: 0/27       AC:  6    Str: 13    XL:     3   Next: 0%
Magic:  5/5        EV:  9    Int: 12    God:
Gold:   40         SH:  0    Dex: 13    Spells: 5/5 levels left

rFire   . . .        a - +0 hand axe {Zoran}
rCold   . . .        g - +0 dagger {Myungok}
rNeg    . . .        h - +0 scale mail
rPois   .            (no helmet)
rElec   .            (no cloak)
rCorr   .            (no gloves)
SInv    .            (no boots)
Will    .....        (no amulet) Stlth
                     (ring unavailable)
HPRegen 0.24/turn    (ring unavailable)
MPRegen 0.09/turn

%: no passive effects
@: revved
A: off-hand wielding, slow wielding, warmup strikes, no rings
a: no special abilities


You were on level 2 of the Dungeon.
You visited 1 branch of the dungeon, and saw 2 of its levels.

You collected 40 gold pieces.

Inventory:

Hand Weapons
 a - a +0 hand axe (weapon) {Zoran}
 g - a +0 dagger (offhand) {Myungok}
Missiles
 d - 7 darts of dispersal
Armour
 b - a +0 leather armour
 h - a +0 scale mail (worn)
Scrolls
 c - a scroll of blinking
 e - 3 scrolls of identify {unknown}
 j - a scroll of poison {unknown}
Potions
 f - a potion of brilliance {unknown}
 i - a potion of curing {unknown}


   Skills:
 - Level 2.0 Fighting
 + Level 3.3 Axes
 - Level 0.8 Throwing
 - Level 0.8 Armour
 - Level 1.7 Dodging
 - Level 1.7 Spellcasting
 - Level 3.0 Translocations


You had 5 spell levels left.
You didn't know any spells.
Your spell library contained the following spells:

 Spells                   Type           Power      Damage    Failure   Level
 Blink                    Tloc           16%        N/A       52%         2
 Lesser Beckoning         Tloc           16%        N/A       52%         2
 Teleport Other           Tloc           8%         N/A       75%         3
 Magic Dart               Conj           4%         1d3       80%         1
 Searing Ray              Conj           2%         2d4       90%         2
 Manifold Assault         Tloc           8%         N/A       98%         4
 Hailstorm                Conj/Ice       1%         3d5       99%         3
 Summon Ice Beast         Ice/Summ       1%         N/A       99%         3
 Fulminant Prism          Conj/Alch      0%         3d5       100%        4
 Vhi's Electric Charge    Tloc/Air       8%         N/A       100%        4
 Sculpt Simulacrum        Ice/Alch       0%         N/A       100%        6


Dungeon Overview and Level Annotations

Branches:
Dungeon (2/15)

Altars:

Shops:
D:1 !

Annotations:
D:2 Terence


Innate Abilities, Weirdness & Mutations

You can wield a second weapon in your off-hand.
It takes a long time for you to wield or remove held weapons.
Your first few attacks do less damage.
Your grasper-arms cannot wear rings.


Message History

You hit Terence but do no damage.
Terence says, "Time to say good-bye..."
Terence hits you with a +0 short sword.
You hit Terence but do no damage.
Terence is moderately wounded.
You closely miss Terence with your +0 hand axe.
Terence hits you but does no damage. x2
You hit Terence but do no damage.
Terence is moderately wounded.
You barely miss Terence with your +0 dagger.
Terence hits you with a +0 short sword.
* * * LOW HITPOINT WARNING * * *
Okay, then.
You hit Terence but do no damage.
Terence is moderately wounded.
You closely miss Terence with your +0 hand axe.
Terence hits you with a +0 short sword.
* * * LOW HITPOINT WARNING * * *
You hit Terence but do no damage.
Terence is moderately wounded.
You barely miss Terence with your +0 dagger.
Terence hits you with a +0 short sword.
* * * LOW HITPOINT WARNING * * *
You hit Terence but do no damage.
Terence is moderately wounded.
You hit Terence but do no damage. Terence hits you with a +0 short sword.
* * * LOW HITPOINT WARNING * * *
You hit Terence but do no damage.
Terence is moderately wounded.
You hit Terence with your +0 hand axe. Terence hits you with a +0 short sword!
* * * LOW HITPOINT WARNING * * *
You barely miss Terence with your +0 dagger.
Terence is moderately wounded.
You hit Terence but do no damage. Terence hits you with a +0 short sword.
* * * LOW HITPOINT WARNING * * *
You hit Terence but do no damage.
Terence is moderately wounded.
You hit Terence but do no damage. Terence hits you with a +0 short sword.
You die...
Terence says, "Rest in peace."

.# #.# #.##
... # #####.#
#.#. #.....#
#./..#.##..###
#.@@......#
###.###.#.#
#<........#
#.#.....###
#.#####.#
#.#####.###.#
#.....#.....#
#..(....#####
.##.#.......#


You could see Terence.

Vanquished Creatures
  A ball python (D:1)
  2 endoplasms (D:1)
  2 giant cockroaches (D:1)
  A goblin (D:1)
  A hobgoblin (D:1)
  3 jackals (D:1)
  A kobold (D:1)
  3 quokkas (D:1)
  3 frilled lizards (D:1)
  3 rats (D:1)
20 creatures vanquished.

Notes
Turn   | Place    | Note
-------+----------+-------------------------------------------
     0 | D:1      | lunkers the Coglin Warper began the quest for the Orb.
     0 | D:1      | Reached XP level 1. HP: 16/16 MP: 3/3
   111 | D:1      | Reached XP level 2. HP: 18/22 MP: 4/4
   147 | D:1      | Found Keqy's Distillery.
   443 | D:1      | Reached XP level 3. HP: 27/27 MP: 5/5
   737 | D:2      | Noticed Terence
   758 | D:2      | Slain by Terence

Illustrated notes

Levels and vault maps discovered:
D:1:      lemuel_arrival_behind_the_door_large, layout_loops_ring, serial_shops,
          nicolae_shop_tiny_statue_garden
D:2:      layout_basic, basic_altar, lemuel_flame_loot_1, uniq_terence

Skill      XL: |  1  2 |
---------------+-------+-----
Axes           | 3 |  3.3
Fighting       | |  2.0
Throwing       | |  0.8
Armour         | |  0.8
Dodging        | |  1.7
Spellcasting   | |  1.7
Translocations | |  3.0

Action                     || total
---------------------------++-------
  Melee: Hand axe          ||    80
         Dagger            ||    41
 Armour: Leather armour    ||    27
         Scale mail        ||    38
  Dodge: Dodged            ||    42

Table legend: (Time is in decaauts)
 A = Elapsed time spent in this place.
 B = Non-inter-level travel time spent in this place.
 C = Inter-level travel time spent in this place.
 D = Time resting spent in this place.
 E = Time spent auto-exploring this place.
 F = Levels seen in this place.
 G = Mean time per level.
                   A        B        C        D        E       F      G
               +--------+--------+--------+--------+--------+-----+--------+
         Total |    767 |    745 |     22 |      0 |    548 |   2 |  383.5 |
       Dungeon |    767 |    745 |     22 |      0 |    548 |   2 |  383.5 |
               +--------+--------+--------+--------+--------+-----+--------+

Top non-repeatable levels by time:
     D:1: 726 daAuts
     D:2: 41 daAuts
